APP
SEATTLE (APP) MARINERS @ BALTIMORE (APP) ORIOLES
10/19/2045
 
TOP OF THE 1ST
Oakland (APP) Athletics batting - Pitching for Baltimore (APP) Orioles : RHP Sean Parks
Pitching: RHP Sean Parks
Batting: RHB Danny Murillo 0-0: Ground out 5-3 (Groundball, 56, EV 85.6 MPH)
Batting: LHB Dave Talbert 0-0: Foul Ball, location: 2F
0-1: Foul Ball, location: 2F
0-2: Ground out U3 (Groundball, 3, EV 82.5 MPH)
Batting: LHB Yoshinari Nara 0-0: Foul Ball, location: 2F
0-1: Ball
1-1: Ball
2-1: SOLO HOME RUN (Flyball, 9D, EV 102.5 MPH), Distance : 379 ft
Batting: RHB Stu Rancourt 0-0: Ball
1-0: Foul Ball, location: 2F
1-1: Ball
2-1: Fly out, F7 (Flyball, 7LM, EV 105.0 MPH)
Top of the 1st over - 1 run, 1 hit, 0 errors, 0 left on base; Oakland (APP) 1 - Baltimore (APP) 0
BOTTOM OF THE 1ST
Baltimore (APP) Orioles batting - Pitching for Oakland (APP) Athletics : LHP Tadasumi Adachi
Pitching: LHP Tadasumi Adachi
Batting: RHB Rafael Medina 0-0: Called Strike
0-1: DOUBLE (Flyball, 8LXD, EV 92.5 MPH)
Batting: RHB Eric Meijerink 0-0: SINGLE (Groundball, 4S, EV 68.1 MPH) (infield hit)
Rafael Medina to third
Batting: LHB Stu Sornson 0-0: Called Strike
0-1: Ball
1-1: SINGLE (Groundball, 3D, EV 100.0 MPH)
Rafael Medina scores
Eric Meijerink to second
Runner from 2nd tries for 3rd, SAFE, no throw by RF
Batting: RHB Omar Mascarenas 0-0: Swinging Strike
0-1: Swinging Strike
0-2: Strikes out swinging
Batting: RHB Sean Ward 0-0: Fly out, F9 (Flyball, 9LS, EV 85.6 MPH)
Batting: RHB Andres Cervantes 0-0: Swinging Strike
0-1: Ball
1-1: Ball
2-1: Foul Ball, location: 2F
2-2: Fly out, F8 (Flyball, 8RM, EV 98.8 MPH)
Bottom of the 1st over - 1 run, 3 hits, 0 errors, 2 left on base; Oakland (APP) 1 - Baltimore (APP) 1
TOP OF THE 2ND
Oakland (APP) Athletics batting - Pitching for Baltimore (APP) Orioles : RHP Sean Parks
Batting: RHB John Henderson 0-0: Ball
1-0: Foul Ball, location: 2F
1-1: Ball
2-1: Foul Ball, location: 2F
2-2: Ball
3-2: Foul Ball, location: 2F
3-2: Ground out 6-3 (Groundball, 56, EV 102.5 MPH)
Batting: LHB Clyde Saxton 0-0: Swinging Strike
0-1: Ball
1-1: Ball
2-1: Ground out 4-3 (Groundball, 4, EV 85.6 MPH)
Batting: RHB Gabe Robles 0-0: Ball
1-0: Called Strike
1-1: Foul Ball, location: 2F
1-2: Fly out, F9 (Flyball, 9, EV 89.4 MPH)
Top of the 2nd over - 0 runs, 0 hits, 0 errors, 0 left on base; Oakland (APP) 1 - Baltimore (APP) 1
BOTTOM OF THE 2ND
Baltimore (APP) Orioles batting - Pitching for Oakland (APP) Athletics : LHP Tadasumi Adachi
Batting: RHB Joel Escalera 0-0: Ball
1-0: Swinging Strike
1-1: Ball
2-1: Ball
3-1: Called Strike
3-2: Strikes out swinging
Batting: RHB Trevor Smith 0-0: Ball
1-0: Swinging Strike
1-1: Ball
2-1: Ground out 4-3 (Groundball, 4M, EV 88.1 MPH)
Batting: RHB Brett Steele 0-0: Ball
1-0: Foul Ball, location: 2F
1-1: Called Strike
1-2: Ball
2-2: Ball
3-2: Strikes out looking
Bottom of the 2nd over - 0 runs, 0 hits, 0 errors, 0 left on base; Oakland (APP) 1 - Baltimore (APP) 1
TOP OF THE 3RD
Oakland (APP) Athletics batting - Pitching for Baltimore (APP) Orioles : RHP Sean Parks
Batting: LHB Robert Ibarra 0-0: Foul Ball, location: 2F
0-1: Foul Ball, location: 2F
0-2: Foul Ball, location: 2F
0-2: Fly out, F8 (Flyball, 8LD, EV 95.6 MPH)
Batting: RHB Gregorio Meza 0-0: Ball
1-0: Fly out, F5 (Line Drive, 5, EV 71.3 MPH)
Batting: RHB Danny Murillo 0-0: Called Strike
0-1: Ball
1-1: Bunted foul
1-2: Ball
2-2: Ball
3-2: Foul Ball, location: 2F
3-2: Fly out, F8 (Line Drive, 8LD, EV 88.1 MPH)
Top of the 3rd over - 0 runs, 0 hits, 0 errors, 0 left on base; Oakland (APP) 1 - Baltimore (APP) 1
BOTTOM OF THE 3RD
Baltimore (APP) Orioles batting - Pitching for Oakland (APP) Athletics : LHP Tadasumi Adachi
Batting: RHB Rafael Medina 0-0: Ball
1-0: Swinging Strike
1-1: Ball
2-1: Ball
3-1: Ground out 5-3 (Groundball, 56, EV 105.0 MPH)
Batting: RHB Eric Meijerink 0-0: Ball
1-0: Foul Ball, location: 2F
1-1: Foul Ball, location: 2F
1-2: Foul Ball, location: 2F
1-2: DOUBLE (Line Drive, 9LS, EV 96.9 MPH)
Batting: LHB Stu Sornson 0-0: Ball
1-0: Ball
2-0: Fly out, F9 (Flyball, 89M, EV 94.4 MPH)
Batting: RHB Omar Mascarenas 0-0: Ball
1-0: Foul Ball, location: 2F
1-1: Ball
2-1: Ground out 5-3 (Groundball, 56S, EV 85.6 MPH)
Bottom of the 3rd over - 0 runs, 1 hit, 0 errors, 1 left on base; Oakland (APP) 1 - Baltimore (APP) 1
TOP OF THE 4TH
Oakland (APP) Athletics batting - Pitching for Baltimore (APP) Orioles : RHP Sean Parks
Batting: LHB Dave Talbert 0-0: Called Strike
0-1: Called Strike
0-2: Ball
1-2: Strikes out swinging
Batting: LHB Yoshinari Nara 0-0: Foul Ball, location: 2F
0-1: Called Strike
0-2: Strikes out swinging
Batting: RHB Stu Rancourt 0-0: Ball
1-0: Called Strike
1-1: Ball
2-1: Called Strike
2-2: Strikes out swinging
Top of the 4th over - 0 runs, 0 hits, 0 errors, 0 left on base; Oakland (APP) 1 - Baltimore (APP) 1
BOTTOM OF THE 4TH
Baltimore (APP) Orioles batting - Pitching for Oakland (APP) Athletics : LHP Tadasumi Adachi
Batting: RHB Sean Ward 0-0: Called Strike
0-1: Ground out 5-3 (Groundball, 56, EV 99.4 MPH)
Batting: RHB Andres Cervantes 0-0: Ball
1-0: Foul Ball, location: 2F
1-1: Foul Ball, location: 2F
1-2: Ground out 5-3 (Groundball, 56, EV 80.6 MPH)
Batting: RHB Joel Escalera 0-0: Ground out 6-3 (Groundball, 6, EV 87.5 MPH)
Bottom of the 4th over - 0 runs, 0 hits, 0 errors, 0 left on base; Oakland (APP) 1 - Baltimore (APP) 1
TOP OF THE 5TH
Oakland (APP) Athletics batting - Pitching for Baltimore (APP) Orioles : RHP Sean Parks
Batting: RHB John Henderson 0-0: Called Strike
0-1: Swinging Strike
0-2: Ball
1-2: Ball
2-2: Ball
3-2: Foul Ball, location: 2F
3-2: SINGLE (Line Drive, 8LS, EV 88.8 MPH)
Batting: LHB Clyde Saxton 0-0: Called Strike
0-1: Foul Ball, location: 2F
0-2: Ball
1-2: Strikes out swinging
Batting: RHB Gabe Robles 0-0: Swinging Strike
0-1: Fly out, F7 (Flyball, 7, EV 86.9 MPH)
Batting: LHB Robert Ibarra 0-0: Called Strike
0-1: Ball
1-1: Ball
2-1: Foul Ball, location: 2F
2-2: Ball
Wild Pitch!
John Henderson to second
3-2: Base on Balls
Batting: RHB Gregorio Meza 0-0: Called Strike
0-1: Ball
1-1: Foul Ball, location: 2F
1-2: Strikes out swinging
Top of the 5th over - 0 runs, 1 hit, 0 errors, 2 left on base; Oakland (APP) 1 - Baltimore (APP) 1
BOTTOM OF THE 5TH
Baltimore (APP) Orioles batting - Pitching for Oakland (APP) Athletics : LHP Tadasumi Adachi
Batting: RHB Trevor Smith 0-0: Ball
1-0: Swinging Strike
1-1: Foul Ball, location: 2F
1-2: Foul Ball, location: 2F
1-2: Ground out U3 (Groundball, 3, EV 84.4 MPH)
Batting: RHB Brett Steele 0-0: Foul Ball, location: 2F
0-1: Ground out 6-3 (Groundball, 6, EV 86.3 MPH)
Batting: RHB Rafael Medina 0-0: Ground out 3-1 (Groundball, 34, EV 83.1 MPH)
Bottom of the 5th over - 0 runs, 0 hits, 0 errors, 0 left on base; Oakland (APP) 1 - Baltimore (APP) 1
TOP OF THE 6TH
Oakland (APP) Athletics batting - Pitching for Baltimore (APP) Orioles : RHP Sean Parks
Pitching: RHP Alberto Gomez
Batting: RHB Danny Murillo 0-0: DOUBLE (Flyball, 78XD, EV 99.4 MPH)
Batting: LHB Dave Talbert 0-0: Ball
1-0: Foul Ball, location: 2F
1-1: Foul Ball, location: 2F
1-2: Ball
2-2: Hit by Pitch
Batting: LHB Yoshinari Nara 0-0: Ball
1-0: Fielders Choice at 2nd, 1-6 (Groundball, 13, EV 83.1 MPH)
Danny Murillo to third
Batting: RHB Stu Rancourt 0-0: Ball
1-0: Called Strike
1-1: Ball
2-1: Ball
Wild Pitch!
Danny Murillo scores
Yoshinari Nara to second
3-1: Foul Ball, location: 2F
3-2: SINGLE (Line Drive, 8RS, EV 98.1 MPH)
Yoshinari Nara to third
Runner from 3rd tries for Home, throw by CF and OUT! 8-2
Stu Rancourt to second
Batting: RHB John Henderson 0-0: Called Strike
0-1: Called Strike
0-2: Ball
1-2: Ball
2-2: Ball
3-2: Base on Balls
Batting: LHB Clyde Saxton 0-0: Ball
1-0: Called Strike
1-1: Swinging Strike
1-2: Ball
2-2: Strikes out swinging
Top of the 6th over - 1 run, 2 hits, 0 errors, 2 left on base; Oakland (APP) 2 - Baltimore (APP) 1
BOTTOM OF THE 6TH
Baltimore (APP) Orioles batting - Pitching for Oakland (APP) Athletics : LHP Tadasumi Adachi
Batting: RHB Eric Meijerink 0-0: Called Strike
0-1: Called Strike
0-2: Ground out 5-3 (Groundball, 56S, EV 78.1 MPH)
Batting: LHB Stu Sornson 0-0: Called Strike
0-1: Ground out U3 (Groundball, 3, EV 107.5 MPH)
Batting: RHB Omar Mascarenas 0-0: Foul Ball, location: 2F
0-1: Ball
1-1: Fly out, F8 (Flyball, 8RD, EV 103.8 MPH)
Bottom of the 6th over - 0 runs, 0 hits, 0 errors, 0 left on base; Oakland (APP) 2 - Baltimore (APP) 1
TOP OF THE 7TH
Oakland (APP) Athletics batting - Pitching for Baltimore (APP) Orioles : RHP Alberto Gomez
Pitching: RHP Jose Alarcon
Batting: RHB Gabe Robles 0-0: Ball
1-0: Fly out, F8 (Flyball, 8RS, EV 91.3 MPH)
Batting: LHB Robert Ibarra 0-0: Called Strike
0-1: Ball
1-1: Swinging Strike
1-2: Strikes out looking
Batting: RHB Gregorio Meza 0-0: SINGLE (Line Drive, 6M, EV 94.4 MPH)
Batting: RHB Danny Murillo 0-0: Called Strike
0-1: Fielders Choice at 2nd, 5-4 (Groundball, 56, EV 87.5 MPH)
Top of the 7th over - 0 runs, 1 hit, 0 errors, 1 left on base; Oakland (APP) 2 - Baltimore (APP) 1
BOTTOM OF THE 7TH
Baltimore (APP) Orioles batting - Pitching for Oakland (APP) Athletics : LHP Tadasumi Adachi
Batting: RHB Sean Ward 0-0: Ball
1-0: Called Strike
1-1: Foul Ball, location: 2F
1-2: Ball
2-2: Foul Ball, location: 2F
2-2: Foul Ball, location: 2F
2-2: Foul Ball, location: 2F
2-2: Fly out, F1 (Line Drive, P, EV 76.3 MPH)
Batting: RHB Andres Cervantes 0-0: Ball
1-0: Called Strike
1-1: Swinging Strike
1-2: Ball
2-2: Ball
3-2: Ground out 1-3 (Groundball, 34S, EV 86.3 MPH)
Batting: RHB Joel Escalera 0-0: Foul Ball, location: 2F
0-1: Swinging Strike
0-2: Ball
1-2: Strikes out swinging
Bottom of the 7th over - 0 runs, 0 hits, 0 errors, 0 left on base; Oakland (APP) 2 - Baltimore (APP) 1
TOP OF THE 8TH
Oakland (APP) Athletics batting - Pitching for Baltimore (APP) Orioles : RHP Jose Alarcon
Pitching: LHP Josh Philbeck
Batting: LHB Dave Talbert 0-0: Called Strike
0-1: Ball
1-1: Foul Ball, location: 2F
1-2: Foul Ball, location: 2F
1-2: Strikes out looking
Batting: LHB Yoshinari Nara 0-0: Called Strike
0-1: Called Strike
0-2: Ball
1-2: Ball
2-2: Foul Ball, location: 2F
2-2: Foul Ball, location: 2F
2-2: Strikes out swinging
Pitching: RHP Ryan Poklemba
Batting: RHB Stu Rancourt 0-0: Swinging Strike
0-1: Swinging Strike
0-2: Foul Ball, location: 2F
0-2: Ground out 4-3 (Groundball, 4, EV 86.3 MPH)
Top of the 8th over - 0 runs, 0 hits, 0 errors, 0 left on base; Oakland (APP) 2 - Baltimore (APP) 1
BOTTOM OF THE 8TH
Baltimore (APP) Orioles batting - Pitching for Oakland (APP) Athletics : LHP Tadasumi Adachi
Pitching: LHP Max Lara
Batting: RHB Trevor Smith 0-0: Ball
1-0: Called Strike
1-1: SINGLE (Line Drive, 89S, EV 109.4 MPH)
Batting: RHB Brett Steele 0-0: Ball
1-0: Bunt missed!
1-1: Bunted foul
1-2: Ball
2-2: Ball
3-2: Fly out, F8 (Flyball, 8RD, EV 81.3 MPH)
Batting: RHB Rafael Medina 0-0: Ball
1-0: Called Strike
1-1: Called Strike
1-2: Strikes out looking
Batting: RHB Eric Meijerink 0-0: Ball
1-0: Foul Ball, location: 2F
1-1: Fielders Choice at 2nd, 6-4 (Groundball, 56, EV 76.3 MPH)
Bottom of the 8th over - 0 runs, 1 hit, 0 errors, 1 left on base; Oakland (APP) 2 - Baltimore (APP) 1
TOP OF THE 9TH
Oakland (APP) Athletics batting - Pitching for Baltimore (APP) Orioles : RHP Ryan Poklemba
Batting: RHB John Henderson 0-0: Ground out 5-3 (Groundball, 56, EV 91.3 MPH)
Batting: LHB Clyde Saxton 0-0: Foul Ball, location: 2F
0-1: Ball
1-1: Foul Ball, location: 2F
1-2: Ball
2-2: Ball
3-2: SINGLE (Flyball, 56D, EV 88.1 MPH)
Batting: RHB Gabe Robles 0-0: Called Strike
0-1: Ball
1-1: Ball
2-1: Called Strike
2-2: Ball
3-2: Strikes out swinging
Clyde Saxton steals 2nd base
Batter strikes out.
Batting: LHB Robert Ibarra 0-0: Ball
1-0: Called Strike
1-1: Swinging Strike
1-2: Strikes out swinging
Top of the 9th over - 0 runs, 1 hit, 0 errors, 1 left on base; Oakland (APP) 2 - Baltimore (APP) 1
BOTTOM OF THE 9TH
Baltimore (APP) Orioles batting - Pitching for Oakland (APP) Athletics : LHP Max Lara
Pitching: RHP Mike Burrow
Batting: LHB Stu Sornson 0-0: Ground out U3 (Groundball, 3, EV 87.5 MPH)
Batting: RHB Omar Mascarenas 0-0: Called Strike
0-1: Ball
1-1: Ground out 6-3 (Groundball, 56, EV 105.0 MPH)
Batting: RHB Sean Ward 0-0: Ball
1-0: Called Strike
1-1: Ball
2-1: Ball
3-1: Swinging Strike
3-2: Strikes out swinging, 2-3 out at first.
Bottom of the 9th over - 0 runs, 0 hits, 0 errors, 0 left on base; Oakland (APP) 2 - Baltimore (APP) 1
Wednesday, June 22nd , 2022 - OOTP Baseball 23.4 Build 64